 Dungeon Crawl Stone Soup version 0.21.0 (webtiles) character file.

3020 MDvedh the Vexing (level 9, -1/68 HPs)
             Began as a Gnoll Arcane Marksman on Jan 6, 2018.
             Was an Elder of Elyvilon.
             Slain by a wight
             ... wielding a +0 great sword
              (8 damage)
             ... on level 8 of the Dungeon.
             The game lasted 00:17:06 (7210 turns).

MDvedh the Vexing (Gnoll Arcane Marksman)           Turns: 7210, Time: 00:17:07

Health: -1/68      AC: 20    Str: 14    XL:     9   Next: 85%
Magic:  17/17      EV:  6    Int: 15    God:    Elyvilon [****..]
Gold:   359        SH:  0    Dex: 18    Spells: 17/18 levels left

rFire    . . .     SeeInvis .   b - +2 morningstar (protect)
rCold    . . .     Gourm    .   (no shield)
rNeg     . . .     Faith    .   k - +0 plate armour (curse)
rPois    .         Spirit   .   D - +2 hat
rElec    .         Reflect  .   (no cloak)
rCorr    +         Harm     .   (no gloves)
MR       .....                  (no boots)
Stlth    ..........             o - amulet of regeneration
HPRegen  0.61/turn              n - ring of resist corrosion
MPRegen  0.15/turn              p - ring of loudness (curse)

@: protection aura, heavily drained
A: distributed training, fangs 1, strong nose
a: Lesser Healing, Heal Other, Purification, Greater Healing, Divine Protection,
Renounce Religion


You were on level 8 of the Dungeon.
You worshipped Elyvilon.
Elyvilon was greatly pleased with you.
You were not hungry.

You visited 2 branches of the dungeon, and saw 9 of its levels.

You collected 359 gold pieces.

Inventory:

Hand Weapons
 a - a +0 shortbow of freezing
 b - a +2 morningstar of protection (weapon)
 j - a +0 club
 m - a +0 mace
 E - a +0 shortbow
Missiles
 d - 88 arrows
Armour
 i - a +0 leather armour
 k - a cursed +0 plate armour (worn)
 D - a +2 hat (worn)
Jewellery
 n - a ring of resist corrosion (left hand)
 o - an amulet of regeneration (around neck)
 p - a cursed ring of loudness (right hand)
 B - an uncursed ring of protection from fire {unknown}
Scrolls
 g - 4 scrolls of teleportation {unknown}
 h - 9 scrolls of identify
 q - a scroll of fear
 s - 3 scrolls of blinking {unknown}
 t - a scroll of enchant armour {unknown}
 w - a scroll of amnesia {unknown}
 x - a scroll of remove curse {unknown}
 y - a scroll of enchant weapon {unknown}
 z - a scroll of fog {unknown}
 C - a scroll of immolation {unknown}
Potions
 e - 2 potions of curing
 l - a potion of invisibility {unknown}
 r - 2 potions of flight
 u - a potion of degeneration {unknown}
 v - a potion of heal wounds {unknown}
 A - a potion of haste
Books
 c - a book of Debilitation

   Spells                             Type                      Level
   a - Corona                         Hexes                        1
   b - Slow                           Hexes                        2
   c - Inner Flame                    Hexes/Fire                   3
   d - Portal Projectile              Hexes/Translocation          3
   e - Cause Fear                     Hexes                        4
   f - Leda's Liquefaction            Hexes/Earth                  4
Comestibles
 f - 5 rations
 F - 6 chunks of flesh


   Skills:
 + Level 5.3(3.9) Fighting
 + Level 4.5(3.2) Short Blades
 + Level 4.5(3.2) Long Blades
 + Level 4.5(3.2) Axes
 + Level 4.5(3.2) Maces & Flails
 + Level 4.5(3.2) Polearms
 + Level 4.5(3.2) Staves
 + Level 4.5(3.2) Slings
 + Level 6.5(5.1) Bows
 + Level 4.5(3.2) Crossbows
 + Level 4.5(3.2) Throwing
 + Level 4.5(3.2) Armour
 + Level 6.5(5.1) Dodging
 + Level 4.5(3.2) Stealth
 + Level 4.5(3.2) Shields
 + Level 4.5(3.2) Unarmed Combat
 + Level 5.4(4.0) Spellcasting
 + Level 3.7(2.4) Conjurations
 + Level 6.7(5.2) Hexes
 + Level 3.7(2.4) Charms
 + Level 3.7(2.4) Summonings
 + Level 3.7(2.4) Necromancy
 + Level 3.7(2.4) Translocations
 + Level 3.7(2.4) Transmutations
 + Level 3.7(2.4) Fire Magic
 + Level 3.7(2.4) Ice Magic
 + Level 3.7(2.4) Air Magic
 + Level 3.7(2.4) Earth Magic
 + Level 3.7(2.4) Poison Magic
 + Level 5.0(3.6) Invocations
 + Level 4.5(3.2) Evocations


You had 17 spell levels left.
You knew the following spells:

 Your Spells              Type           Power        Failure   Level  Hunger
a - Corona                Hex            ###....      90%         1    None


Dungeon Overview and Level Annotations

Branches:
Dungeon (8/15)             Temple (1/1) D:6
   Lair: D:8-11

Altars:
Ashenzari
Cheibriados
Elyvilon
Fedhas
Gozag
Qazlal
Wu Jian
Yredelemnul
Zin

Shops:
D:5 [


Innate Abilities, Weirdness & Mutations

Your experience applies equally to all skills.
You have very sharp teeth.
Your uncanny sense of smell can sniff out nearby items.


Message History

You closely miss the wight.
The wight is almost destroyed.
The wight closely misses you.
You barely miss the wight. You bite the wight, but do no damage.
The wight is almost destroyed.
The wight hits you with an enchanted great sword!
* * * LOW HITPOINT WARNING * * *
You sock the wight!
Your weapon exudes an aura of protection.
You destroy the wight!
You barely miss the wight. The wight hits you with a great sword.
* * * LOW HITPOINT WARNING * * *
You puncture the wight!
The wight is almost destroyed.
The wight hits you with a great sword.
* * * LOW HITPOINT WARNING * * *
You hit the wight but do no damage. Your bite misses the wight.
The wight is almost destroyed.
The wight hits you with a great sword!
You die...

#............. #
#............. ∆ #
#........z.. #
#.........# #
#.........# # #(# # #.#
# #z# # ######@# ##
#......# ######.
#......# #......
#......# #......
######.# #...... #.#
#...... #.# #.....#
#######.##########.....#
......................<.


You could see a wight.

Vanquished Creatures
  Grinder (D:3)
  A hippogriff (D:6)
  Edmund (D:4)
  An orc warrior (D:8)
  2 sky beasts
  An ice beast (D:7)
  2 phantoms
  3 wolves (D:8)
  A necrophage (D:8)
  A centaur (D:7)
  3 bullfrogs
  3 scorpions
  4 wights
  3 crimson imps
  5 hounds
  A quasit (D:6)
  An orc priest (D:5)
  2 jellies
  A bullfrog skeleton (D:6)
  5 orc wizards
  2 worker ants
  A killer bee zombie (D:8)
  4 gnolls (D:5)
  8 adders
  7 river rats (D:6)
  2 shadow imps
  An ooze (D:1)
  3 adder skeletons
  3 worms
  3 dart slugs
  4 leopard geckos
  25 orcs
  6 giant cockroaches
  12 goblins
  10 hobgoblins
  13 jackals
  9 quokkas
  15 bats
  5 frilled lizards
  12 kobolds
  2 quokka zombies
  27 rats
216 creatures vanquished.

Notes
Turn   | Place    | Note
-------+----------+-------------------------------------------
     0 | D:1      | MDvedh the Gnoll Arcane Marksman began the quest for the Orb.
     0 | D:1      | Reached XP level 1. HP: 17/17 MP: 4/4
   259 | D:1      | Reached XP level 2. HP: 9/23 MP: 5/5
   611 | D:1      | Found a shattered altar of Ashenzari.
  1068 | D:1      | Reached XP level 3. HP: 19/28 MP: 7/7
  1521 | D:2      | Found a faded altar of an unknown god.
  1548 | D:2      | Reached skill level 1 in Invocations
  1765 | D:2      | Reached skill level 1 in Short Blades
  1765 | D:2      | Reached skill level 1 in Long Blades
  1765 | D:2      | Reached skill level 1 in Axes
  1765 | D:2      | Reached skill level 1 in Maces & Flails
  1765 | D:2      | Reached skill level 1 in Polearms
  1765 | D:2      | Reached skill level 1 in Staves
  1765 | D:2      | Reached skill level 1 in Slings
  1765 | D:2      | Reached skill level 1 in Crossbows
  1765 | D:2      | Reached skill level 1 in Throwing
  1765 | D:2      | Reached skill level 1 in Armour
  1765 | D:2      | Reached skill level 1 in Stealth
  1765 | D:2      | Reached skill level 1 in Shields
  1765 | D:2      | Reached skill level 1 in Unarmed Combat
  1765 | D:2      | Reached skill level 1 in Evocations
  1767 | D:2      | Became a worshipper of Elyvilon the Healer
  1767 | D:2      | Reached * piety under Elyvilon
  1870 | D:2      | Reached XP level 4. HP: 25/34 MP: 8/8
  2162 | D:2      | Found a white marble altar of Elyvilon.
  2162 | D:2      | Found an opulent altar of Gozag.
  2167 | D:2      | Found a snail-covered altar of Cheibriados.
  2169 | D:2      | Found an ornate altar of the Wu Jian Council.
  2171 | D:2      | Found a basalt altar of Yredelemnul.
  2434 | D:2      | Found a stormy altar of Qazlal.
  2444 | D:2      | Found a glowing silver altar of Zin.
  2546 | D:3      | Reached skill level 1 in Conjurations
  2546 | D:3      | Reached skill level 1 in Charms
  2546 | D:3      | Reached skill level 1 in Summonings
  2546 | D:3      | Reached skill level 1 in Necromancy
  2546 | D:3      | Reached skill level 1 in Translocations
  2546 | D:3      | Reached skill level 1 in Transmutations
  2546 | D:3      | Reached skill level 1 in Fire Magic
  2546 | D:3      | Reached skill level 1 in Ice Magic
  2546 | D:3      | Reached skill level 1 in Air Magic
  2546 | D:3      | Reached skill level 1 in Earth Magic
  2546 | D:3      | Reached skill level 1 in Poison Magic
  2695 | D:3      | Reached XP level 5. HP: 29/40 MP: 9/9
  2725 | D:3      | Noticed Grinder
  2760 | D:3      | Paralysed by Grinder for 7 turns
  2805 | D:3      | Killed Grinder
  2805 | D:3      | Reached skill level 5 in Bows
  2805 | D:3      | Reached skill level 5 in Dodging
  2805 | D:3      | Reached XP level 6. HP: 31/47 MP: 9/11
  2992 | D:3      | Reached ** piety under Elyvilon
  3359 | D:4      | Noticed Edmund
  3385 | D:4      | Killed Edmund
  3385 | D:4      | Reached XP level 7. HP: 15/52 MP: 12/12
  3459 | D:4      | You fall through a shaft for 3 floors!
  4002 | D:6      | Reached XP level 8. HP: 34/60 MP: 14/14
  4287 | D:6      | Noticed a hippogriff
  4296 | D:6      | Killed a hippogriff
  4356 | D:6      | Found a staircase to the Ecumenical Temple.
  4430 | Temple   | Entered the Ecumenical Temple
  5086 | D:6      | Reached *** piety under Elyvilon
  5242 | D:5      | Entered Level 5 of the Dungeon
  5382 | D:5      | Found Zysynnic's Armour Emporium.
  5393 | D:5      | Found a blossoming altar of Fedhas.
  5528 | D:5      | Reached XP level 9. HP: 54/66 MP: 16/16
  6342 | D:7      | Reached skill level 5 in Spellcasting
  6794 | D:8      | Reached skill level 5 in Fighting
  7106 | D:8      | Reached **** piety under Elyvilon
  7182 | D:8      | Reached skill level 5 in Invocations
  7210 | D:8      | Slain by a wight

Skill      XL: |  1  2  3  4  5  6  7  8  9 |
---------------+----------------------------+-----
Invocations    | 1 2 3 4 5 |  5.0
Short Blades   | 1 2 3 4 |  4.5
Long Blades    | 1 2 3 4 |  4.5
Axes           | 1 2 3 4 |  4.5
Maces & Flails | 1 2 3 4 |  4.5
Polearms       | 1 2 3 4 |  4.5
Staves         | 1 2 3 4 |  4.5
Slings         | 1 2 3 4 |  4.5
Crossbows      | 1 2 3 4 |  4.5
Throwing       | 1 2 3 4 |  4.5
Armour         | 1 2 3 4 |  4.5
Stealth        | 1 2 3 4 |  4.5
Shields        | 1 2 3 4 |  4.5
Unarmed Combat | 1 2 3 4 |  4.5
Evocations     | 1 2 3 4 |  4.5
Spellcasting   | 3 4 5 |  5.4
Conjurations   | 1 2 3 |  3.7
Charms         | 1 2 3 |  3.7
Summonings     | 1 2 3 |  3.7
Necromancy     | 1 2 3 |  3.7
Translocations | 1 2 3 |  3.7
Transmutations | 1 2 3 |  3.7
Fire Magic     | 1 2 3 |  3.7
Ice Magic      | 1 2 3 |  3.7
Air Magic      | 1 2 3 |  3.7
Earth Magic    | 1 2 3 |  3.7
Poison Magic   | 1 2 3 |  3.7
Fighting       | 3 4 5 |  5.3
Bows           | 5 6 |  6.5
Dodging        | 5 6 |  6.5
Hexes          | 6 |  6.7

Action                   |  1- 3 |  4- 6 |  7- 9 || total
-------------------------+-------+-------+-------++-------
Melee: Club              |    69 |       |       ||    69
       Unarmed           |     4 |       |       ||     4
       Bite              |    16 |    19 |    58 ||    93
       Mace              |    58 |   162 |       ||   220
       Morningstar       |       |    83 |   573 ||   656
       Punch             |       |       |     2 ||     2
 Fire: Shortbow          |    16 |    21 |   104 ||   141
Invok: Heal Other        |       |       |    10 ||    10
       Lesser Healing    |       |       |     1 ||     1
  Use: Potion            |       |     6 |       ||     6
       Scroll            |       |     3 |       ||     3
 Stab: Sleeping          |     1 |     1 |       ||     2
  Eat: Chunk             |     3 |     5 |     8 ||    16
       Ration            |       |       |     3 ||     3
Armor: Robe              |     7 |       |       ||     7
       Leather armour    |     8 |    18 |       ||    26
       Plate armour      |       |   215 |   628 ||   843
       Skin              |       |    67 |       ||    67
Dodge: Dodged            |   115 |   125 |   232 ||   472
